 Dungeon Crawl Stone Soup version 0.30-a0-859-gf88a04b62d (webtiles) character file.

Game seed: 11186460663896484349

68 ProzacElf the Ducker (level 4, -1/31 HPs)
             Began as a Djinni Air Elementalist on Mar 6, 2023.
             Slain by Grinder (2 damage)
             ... on level 3 of the Dungeon.
             The game lasted 00:05:50 (1784 turns).

ProzacElf the Ducker (Djinni Air Elementalist)      Turns: 1784, Time: 00:05:50

Health: -1/31      AC:  3    Str:  7    XL:     4   Next: 41%
Gold:   79         EV: 13    Int: 18    God:
                   SH:  0    Dex: 14

rFire   + + .      SeeInvis .    a - +1 hand axe (freeze)
rCold   x . .      Faith    .    (no shield)
rNeg    . . .      Spirit   .    d - +0 robe
rPois   ∞          Reflect  .    (no helmet)
rElec   .          Rampage  .    b - +0 cloak
rCorr   .                        (no gloves)
Will    .....                    (boots unavailable)
Stlth   +                        (no amulet)
HPRegen 0.25/turn                (no ring)
MPRegen 0.00/turn                (no ring)

@: confused, ambrosia-drunk, flying
A: sickness immunity, fire resistance 2, cold vulnerability 1, float, innate
caster, HP casting, extra vitality 1
a: no special abilities


You were on level 3 of the Dungeon.
You visited 1 branch of the dungeon, and saw 3 of its levels.

You collected 79 gold pieces.

Inventory:

Hand Weapons
 a - a +1 hand axe of freezing (weapon)
 g - a +0 dagger
 h - a +0 sling
Missiles
 f - 30 stones
Armour
 b - a +0 cloak (worn)
 d - a +0 robe (worn)
Scrolls
 e - a scroll of identify
 j - 2 scrolls of enchant armour {unknown}
 k - a scroll of brand weapon {unknown}
 n - a scroll of teleportation {unknown}
 o - a scroll of poison {unknown}
 p - a scroll of vulnerability {unknown}
Potions
 c - 4 potions of heal wounds {unknown}
 l - a potion of curing
 m - a potion of berserk rage {unknown}
 q - 2 potions of flight {unknown}


   Skills:
 * Level 4.1 Dodging
 - Level 1.5 Stealth
 + Level 2.9 Spellcasting


You knew the following spells:

 Your Spells              Type           Power      Damage    Failure   Level
a - Shock                 Conj/Air       52%        1d6       4%          1
b - Static Discharge      Conj/Air       26%        2-4/arc   8%          2
c - Airstrike             Air            6%         2d(1-17)  43%         4
h - Beastly Appendage     Tmut           26%        N/A       4%          1
w - Swiftness             Air            13%        N/A       14%         3
Your spell library was empty.

Dungeon Overview and Level Annotations

Branches:
Dungeon (3/15)

Altars:

Shops:
D:2 [

Annotations:
D:3 Grinder


Innate Abilities, Weirdness & Mutations

You are immune to sickness and miasma.
You are immune to poison.
Your flesh is very heat resistant. (rF++)
You are vulnerable to cold. (rC-)
You float through the air rather than walking.
You learn spells naturally, not from books.
Your magical power is your life essence.
You have superior vitality. (+4 MHP)


Message History

Castin': Shock (safe; 4% risk o' failure) Confirm wit' . or Enter, or press ? or * ta list all spells.
Grinder be struck by an arc o' lightnin'.
Grinder be lightly wounded.
Ye be struck by an arc o' lightnin'.
Tha lightnin' grounds out.
Grinder hits ye!
Ye take 9 damage, an' haf 22/31 hp.
MASSIVE DAMAGE!!
Castin': Static Discharge (safe; 8% risk o' failure) Confirm wit' . or Enter, or press ? or * ta list all spells.
Grinder be struck by an arc o' lightnin'.
Grinder be lightly wounded.
Ye be struck by an arc o' lightnin'.
Tha lightnin' grounds out.
Grinder blinks!
Ye take 4 damage, an' haf 18/31 hp.
Aimin': Shock (safe; 4% risk o' failure)
Press: ? - help, Q - select action, (/) - cycle Shift-Dir - straight line, f - Grinder
Aim: Grinder (lightly wounded, 64% ta hit) Tha zap hits Grinder.
Grinder be lightly wounded.
Grinder says, "DUCK!"
Ye take 1 damage, an' haf 17/31 hp.
Ye hit Grinder.
Grinder be moderately wounded.
Grinder blinks!
Okay, than.
As ye read tha scroll labelled REWEOZ TAENI, it crumbles ta dust.
It be a scroll o' identify.
i - a potion o' ambrosia As ye read tha scroll o' identify, it crumbles ta dust.
l - a potion o' curin' Grinder hits ye!
* * * LOW HITPOINT WARNIN'
* * * Ye take 9 damage, an' haf 9/31 hp.
MASSIVE DAMAGE!!
Ye be confused.
Ye feel invigorated.
Grinder hits ye!
* * * LOW HITPOINT WARNIN'
* * * Ye writha in agony.
* * * LOW HITPOINT WARNIN'
* * * Ye take 8 damage, an' haf 1/31 hp.
MASSIVE DAMAGE!!
Grinder attacks as ye move away!
Grinder hits ye.
Ye die...

.##. #######.#.####.## #
####.##.# #................ #.
#....##.# #.......§........
#..#.#..##.# #................
#..#....##.# #................
#.......##.# #................
#....<..##.###................
#............)................
#.##.#.>.....@.............†..
# #..#.###....5...............
#.##.# #...............[....
#. #.# #....................
.. #.# #..[.................
... ... #....................
... .....................
######...................
+.........


You could see Grinder.

Vanquished Creatures
  2 adders (D:2)
  A worm (D:2)
  6 endoplasms
  2 giant cockroaches
  8 goblins
  3 hobgoblins
  A quokka (D:3)
  3 ball pythons (D:1)
  5 bats (D:2)
  2 frilled lizards (D:2)
  7 kobolds
  3 rats (D:2)
43 creatures vanquished.

Notes
Turn   | Place    | Note
-------+----------+-------------------------------------------
     0 | D:1      | ProzacElf the Djinni Air Elementalist began the quest for
                  | the Orb.
     0 | D:1      | ProzacElf set off with the following spells memorised:
                  | Shock, Static Discharge, Swiftness, Airstrike.
     0 | D:1      | Reached XP level 1. HP: 15/15 MP: 0/0
   260 | D:1      | Reached XP level 2. HP: 21/21 MP: 0/0
   479 | D:1      | Reached skill level 3 in Dodging
   969 | D:2      | Reached XP level 3. HP: 12/25 MP: 0/0
   969 | D:2      | Learned a level 1 spell: Beastly Appendage
  1294 | D:2      | Reached XP level 4. HP: 30/31 MP: 0/0
  1470 | D:2      | Found Qiehur's Antique Armour Boutique.
  1533 | D:2      | Reached skill level 4 in Dodging
  1750 | D:3      | Noticed Grinder
  1783 | D:3      | HP: 1/31 [Grinder (4)]
  1784 | D:3      | Slain by Grinder

Illustrated notes

Levels and vault maps discovered:
D:1:      dpeg_arrival_rooms_a, layout_loops_ring, serial_bayou_crossing
D:2:      layout_rooms, serial_shops, shop
D:3:      layout_basic, old_standard_altar,
          hellmonk_ecumenical_altar_leap_of_faith, uniq_robin, uniq_grinder

Skill      XL: |  1  2  3  4 |
---------------+-------------+-----
Dodging        | 3 4 |  4.1
Stealth        | |  1.5
Spellcasting   | |  2.9

Action                     |  1- 3 |  4- 6 || total
---------------------------+-------+-------++-------
  Melee: Dagger            |    17 |       ||    17
         Hand axe          |    14 |    12 ||    26
   Cast: Shock             |    34 |    29 ||    63
         Static Discharge  |     4 |     2 ||     6
    Use: Scroll            |       |     2 ||     2
         Potion            |       |     1 ||     1
 Armour: Robe              |    15 |     6 ||    21
  Dodge: Dodged            |    35 |     7 ||    42

Table legend: (Time is in decaauts)
 A = Elapsed time spent in this place.
 B = Non-inter-level travel time spent in this place.
 C = Inter-level travel time spent in this place.
 D = Time resting spent in this place.
 E = Time spent auto-exploring this place.
 F = Levels seen in this place.
 G = Mean time per level.
                   A        B        C        D        E       F      G
               +--------+--------+--------+--------+--------+-----+--------+
         Total |   1792 |   1762 |     30 |    520 |    955 |   3 |  597.3 |
       Dungeon |   1792 |   1762 |     30 |    520 |    955 |   3 |  597.3 |
               +--------+--------+--------+--------+--------+-----+--------+

Top non-repeatable levels by time:
     D:1: 1204 daAuts
     D:2: 527 daAuts
     D:3: 60 daAuts
